 Dungeon Crawl Stone Soup version 0.28.0-53-g5a82cb258f (webtiles) character file.

Game seed: 4332255453055026009

44 Peloso the Covered (level 3, -6/33 HPs)
             Began as a Minotaur Fighter on June 3, 2022.
             Killed by divine providence
             ... invoked by an orc priest
              (12 damage)
             ... on level 3 of the Dungeon.
             The game lasted 00:02:49 (2106 turns).

Peloso the Covered (Minotaur Fighter)               Turns: 2106, Time: 00:02:49

Health: -6/33      AC:  8    Str: 20    XL:     3   Next: 39%
Magic:  2/2        EV:  9    Int:  5    God:
Gold:   82         SH:  4    Dex: 11    Spells: 2/2 levels left

rFire   . . .      SeeInvis .   a - +0 long sword
rCold   . . .      Faith    .   c - +0 buckler
rNeg    . . .      Spirit   .   b - +0 scale mail
rPois   .          Reflect  .   (helmet restricted)
rElec   .          Harm     .   (no cloak)
rCorr   .          Rampage  .   (no gloves)
Will    .....                   f - +0 pair of boots
Stlth   ..........              (no amulet)
HPRegen 0.11/turn               m - +4 ring of slaying
MPRegen 0.08/turn               (no ring)

@: no status effects
A: horns 2, retaliatory headbutt
a: no special abilities


You were on level 3 of the Dungeon.
You visited 1 branch of the dungeon, and saw 3 of its levels.

You collected 82 gold pieces.

Inventory:

Hand Weapons
 a - a +0 long sword (weapon)
Armour
 b - a +0 scale mail (worn)
 c - a +0 buckler (worn)
 f - a +0 pair of boots (worn)
Jewellery
 m - a +4 ring of slaying (left hand)
Scrolls
 h - a scroll of fog {unknown}
 j - 2 scrolls of blinking {unknown}
 k - a scroll of amnesia {unknown}
Potions
 d - a potion of might
 e - a potion of heal wounds
 i - a potion of curing
 l - a potion of ambrosia
 n - a potion of invisibility {unknown}


   Skills:
 + Level 4.1 Fighting
 + Level 3.1 Long Blades
 + Level 4.3 Armour
 + Level 4.0 Shields


You had 2 spell levels left.
You didn't know any spells.
Your spell library contained the following spells:

 Spells                   Type           Power      Damage    Failure   Level
 Apportation              Tloc           0%         N/A       88%         1
 Shock                    Conj/Air       0%         1d3       88%         1
 Summon Small Mammal      Summ           0%         N/A       88%         1
 Corpse Rot               Necr/Air       0%         N/A       96%         2
 Poisonous Vapours        Pois/Air       0%         N/A       96%         2
 Ozocubu's Armour         Ice            0%         N/A       99%         3
 Metabolic Englaciation   Hex/Ice        0%         N/A       100%        5
 Simulacrum               Ice/Necr       0%         N/A       100%        6


Dungeon Overview and Level Annotations

Branches:
Dungeon (3/15)

Altars:
Gozag


Innate Abilities, Weirdness & Mutations

You have a pair of horns on your head.
You reflexively headbutt those who attack you in melee.


Message History

You climb downwards.
There is a stone staircase leading up here.
Sorry, I don't know how to get there.
A ball python comes into view.
The ball python hisses angrily.
A ball python is nearby!
A ball python is nearby!
You slash the ball python!
You kill the ball python!
You see here a ball python corpse.
As you open the door, it creaks loudly!
There is an open door here.
An orc comes into view. It is wielding a +0 whip.
An orc is nearby!
An orc is nearby!
An orc comes into view. It is wielding a +0 club.
The orc shouts!
You hear a shout!
An orc priest comes into view. It is wielding a +0 dagger.
An orc priest comes into view. It is wielding a +0 short sword.
The orc moves out of view.
The orc priest invokes the aid of Beogh against you.
Beogh smites you!
You hit the orc.
The orc is severely wounded.
The orc barely misses you.
A quokka comes into view.
You closely miss the orc. Your headbutt misses the orc.
The orc is severely wounded.
The orc hits you but does no damage.
You barely miss the orc.
The orc is severely wounded.
The orc priest calls upon Beogh to heal the orc.
The orc's wounds heal themselves!
The orc hits you with a +0 whip. You block the orc's attack.
The orc priest mumbles some strange prayers to Beogh against you.
Beogh smites you!
* * * LOW HITPOINT WARNING * * *
The orc priest invokes the aid of Beogh against you.
Beogh smites you!
You die...

#<# #.# #.# †.#
#'###############
.................
#########.#############
#.#...........#
#.#.####@####.#
#.#....#o#
#.####.####.#.#
#...........#o#
#############.######
.......o........
#####o.######### #o# #.


You could see an orc priest and 2 orcs.

Vanquished Creatures
  A worm (D:2)
  A dart slug (D:1)
  3 orcs (D:2)
  2 endoplasms (D:1)
  A giant cockroach (D:1)
  4 goblins
  4 hobgoblins
  4 kobolds
  2 quokkas (D:1)
  3 ball pythons
  3 bats
  A frilled lizard (D:1)
  3 rats
32 creatures vanquished.

Notes
Turn   | Place    | Note
-------+----------+-------------------------------------------
     0 | D:1      | Peloso the Minotaur Fighter began the quest for the Orb.
     0 | D:1      | Reached XP level 1. HP: 19/19 MP: 0/0
   470 | D:1      | Reached XP level 2. HP: 26/27 MP: 1/1
   823 | D:1      | Got Spellweaving for Neophytes
  1236 | D:2      | Reached XP level 3. HP: 31/33 MP: 2/2
  1677 | D:2      | Found an opulent altar of Gozag.
  2106 | D:3      | Killed from afar by an orc priest

Illustrated notes

Levels and vault maps discovered:
D:1:      wander_arrival_chamber, layout_basic, st_stairs_8, serial_park_tiny_1
D:2:      layout_loops_corners, basic_altar, kennysheep_another_room,
          guppyfry_early_orc_mine
D:3:      layout_basic, ebering_ecumenical_altar_rust, serial_glass,
          glass_columns_c, glass_columns_a, glass_columns_a, glass_columns_a,
          minmay_strange_pillars, serial_shops, nicolae_shop_crystal,
          corner_web_ring, roderic_lattice_a

Skill      XL: |  1  2  3 |
---------------+----------+-----
Fighting       | 4 |  4.1
Armour         | 4 |  4.3
Long Blades    | 3 |  3.1
Shields        | 4 |  4.0

Action                   || total
-------------------------++-------
Melee: Long sword        ||    66
       Headbutt          ||     6
  Use: Potion            ||     1
       Scroll            ||     2
Armor: Scale mail        ||    33
Dodge: Dodged            ||    27
Block: Buckler           ||     7
